 Dungeon Crawl Stone Soup version 0.29-a0-1023-g6ae1a4a2c7 (webtiles) character file.

Game seed: 8337213015830666906

28 mathmaestro the Grave Robber (level 3, 17/26 HPs)
             Began as a Demonspawn Necromancer on Aug 11, 2022.
             Quit the game on level 1 of the Dungeon.
             The game lasted 00:02:53 (1522 turns).

mathmaestro the Grave Robber (DsNe)                 Turns: 1522, Time: 00:02:53

Health: 17/26      AC:  4    Str:  8    XL:     3   Next: 0%
Magic:  0/6        EV: 13    Int: 18    God:
Gold:   62         SH:  0    Dex: 13    Spells: 5/6 levels left

rFire   . . .      SeeInvis .   f - +2 whip (vamp)
rCold   . . .      Faith    .   (no shield)
rNeg    . . .      Spirit   .   i - +0 leather armour
rPois   .          Reflect  .   (no helmet)
rElec   .          Harm     .   g - +0 cloak
rCorr   .          Rampage  .   (no gloves)
Will    .....                   (no boots)
Stlth   ++........              (no amulet)
HPRegen 0.08/turn               (no ring)
MPRegen 0.10/turn               (no ring)

@: mildly poisoned (17 -> 14)
A: repulsion field 1, demonic magic 1
a: no special abilities


You were on level 1 of the Dungeon.
You visited 1 branch of the dungeon, and saw 2 of its levels.

You collected 62 gold pieces.

Inventory:

Hand Weapons
 c - a +0 dagger
 f - a +2 vampiric whip (weapon)
Armour
 g - a +0 cloak (worn)
 i - a +0 leather armour (worn)
Scrolls
 j - 3 scrolls of identify {unknown}
 k - a scroll of enchant armour {unknown}
 l - a scroll of amnesia {unknown}
Potions
 a - a potion of brilliance {unknown}
 b - a potion of magic
 d - a potion of curing {unknown}
 e - a potion of might {unknown}
 h - a potion of lignification {unknown}


   Skills:
 + Level 1.1 Fighting
 + Level 0.5 Armour
 - Level 2.0 Dodging
 - Level 2.0 Stealth
 + Level 2.3 Spellcasting
 + Level 4.6 Necromancy


You had 5 spell levels left.
You knew the following spells:

 Your Spells              Type           Power      Damage    Failure   Level
a - Necrotise             Necr           72%        1d7       3%          1

Your spell library contained the following spells:

 Spells                   Type           Power      Damage    Failure   Level
 Vampiric Draining        Necr           18%        2d7       11%         3
 Animate Dead             Necr           18%        N/A       34%         4
 Static Discharge         Conj/Air       2%         3-4/arc   36%         2
 Agony                    Necr           18%        N/A       69%         5
 Lightning Bolt           Conj/Air       1%         1d12      100%        5
 Summon Forest            Summ/Tloc      1%         N/A       100%        5
 Eringya's Noxious Bog    Tmut/Pois      1%         N/A       100%        6
 Summon Hydra             Summ           1%         N/A       100%        7
 Maxwell's Capacitive Co  Air            1%         ∞         100%        8


Dungeon Overview and Level Annotations

Branches:
Dungeon (2/15)

Altars:


Innate Abilities, Weirdness & Mutations

You are surrounded by a mild repulsion field. (EV +2)
Spells you cast may paralyse adjacent enemies.


Message History

Your hobgoblin skeleton barely misses the kobold.
You hit the adder.
The adder is severely wounded.
The adder misses you. The adder bites you but does no damage.
Your magical contamination has completely faded away.
The adder bites you but does no damage. The kobold hits you but does no damage.
You climb upwards.
There is a stone staircase leading down here.
You closely miss the adder.
The adder is severely wounded.
The adder misses you. The adder bites you.
You are poisoned.
The adder poisons you!
Casting: Necrotise (safe; 4% risk of failure)
Confirm with . or Enter, or press ? or * to list all spells.
Aiming: Necrotise (safe; 4% risk of failure)
Press: ? - help, Shift-Dir - straight line, f - adder
Aim: an adder (severely wounded, chance to affect: 80%)
The adder barely resists.
You feel sick. The adder bites you.
You are more poisoned.
The adder poisons you!
Unknown command.
You barely miss the adder.
The adder is severely wounded.
You feel sick. The adder barely misses you. x2
You closely miss the adder.
The adder is severely wounded.
You feel sick. The adder bites you but does no damage.
You hit the adder.
You feel better.
You kill the adder!
You feel sick.
The kobold throws a stone.
The stone hits you but does no damage.
Your Fighting skill increases to level 1!
You have reached level 3!
Your experience leads to an increase in your attributes!
Increase (S)trength, (I)ntelligence, or (D)exterity?
You feel clever. x2; Your demonic ancestry asserts itself...
A menacing aura infuses your magic.
Unknown command.
Are you sure you want to abandon this character and quit the game? (Confirm with "yes".)

#.##.# #.# #.#
#.##.####.########## #.#
#..................###.#
#..#.####.#######...##.#
.....# #.# ##.#.#.#.# ...###
#.# #........# ...# #.#
##K....### ##.# #.#
#†###.##### # #.# #.# #@#
#.....# # ##.#
#.######.###.###.# #### ...#
#............# #.#####.##
...#############.#.###
#...Z>.#..
##...............#.#
#####.###.
#################.########.##
## #...........###.
############.#.# ##.##


You could see a kobold.

Vanquished Creatures
  An adder (D:1)
  3 endoplasms (D:1)
  A giant cockroach (D:1)
  A goblin (D:1)
  2 hobgoblins
  A quokka (D:1)
  3 ball pythons (D:1)
  3 bats (D:1)
  2 kobolds (D:1)
  A rat (D:1)
18 creatures vanquished.

Notes
Turn   | Place    | Note
-------+----------+-------------------------------------------
     0 | D:1      | mathmaestro the Demonspawn Necromancer began the quest for
                  | the Orb.
     0 | D:1      | Reached XP level 1. HP: 13/13 MP: 3/3
   631 | D:1      | Gained mutation: You are surrounded by a mild repulsion
                  | field. (EV +2) [demonic ancestry]
   631 | D:1      | Reached XP level 2. HP: 20/20 MP: 1/5
  1007 | D:1      | Found a faded altar of an unknown god.
  1522 | D:1      | Reached skill level 1 in Fighting
  1522 | D:1      | Gained mutation: Spells you cast may paralyse adjacent
                  | enemies. [demonic ancestry]
  1522 | D:1      | Reached XP level 3. HP: 17/26 MP: 0/6
  1522 | D:1      | Quit the game

Illustrated notes

Levels and vault maps discovered:
D:1:      beargit_arrival_diablo_church, layout_loops_ring,
          hellmonk_ecumenical_altar_inner_sanctum, minmay_misc_feat_nine_boxes
D:2:      layout_basic, basic_altar, minmay_ruptured

Skill      XL: |  1  2 |
---------------+-------+-----
Stealth        | 2 |  2.0
Dodging        | 2 |  2.0
Fighting       | 1 |  1.1
Armour         | |  0.5
Spellcasting   | |  2.3
Necromancy     | |  4.6

Action                   || total
-------------------------++-------
Melee: Dagger            ||    11
       Whip              ||    16
 Cast: Necrotise         ||    29
 Stab: Sleeping          ||     1
Armor: Robe              ||     3
       Leather armour    ||     8
Dodge: Dodged            ||    25

Table legend: (Time is in decaauts)
 A = Elapsed time spent in this place.
 B = Non-inter-level travel time spent in this place.
 C = Inter-level travel time spent in this place.
 D = Time resting spent in this place.
 E = Time spent auto-exploring this place.
 F = Levels seen in this place.
 G = Mean time per level.
                   A        B        C        D        E       F      G
               +--------+--------+--------+--------+--------+-----+--------+
         Total |   1522 |   1494 |     28 |    408 |    896 |   2 |  761.0 |
       Dungeon |   1522 |   1494 |     28 |    408 |    896 |   2 |  761.0 |
               +--------+--------+--------+--------+--------+-----+--------+

Top non-repeatable levels by time:
     D:1: 1512 daAuts
     D:2: 10 daAuts
